 Dungeon Crawl Stone Soup version 0.21.1-1-g345015f (webtiles) character file.

3443 wojtek the Protected (level 9, -7/83 HPs)
             Began as a Minotaur Fighter on Apr 2, 2018.
             Was an Elder of Okawaru.
             Killed from afar by a catoblepas (10 damage)
             ... with a blast of calcifying dust
             ... on level 8 of the Dungeon.
             The game lasted 00:10:04 (6846 turns).

wojtek the Protected (Minotaur Fighter)             Turns: 6846, Time: 00:10:05

Health: -7/83      AC: 18    Str: 26    XL:     9   Next: 77%
Magic:  20/22      EV:  6    Int:  5    God:    Okawaru [****..]
Gold:   889        SH: 10    Dex: 10    Spells: 8/8 levels left

rFire    . . .     SeeInvis .   z - +9 whip of Ticvoakaki {slash, rElec MP+9 Str+2 Stlth+}
rCold    . . .     Gourm    .   c - +0 shield
rNeg     . . .     Faith    .   C - +0 plate armour
rPois    .         Spirit   .   (helmet restricted)
rElec    +         Reflect  .   x - +0 cloak
rCorr    .         Harm     .   (no gloves)
MR       .....                  y - +1 pair of boots
Stlth    ..........             (no amulet)
HPRegen  0.23/turn              (no ring)
MPRegen  0.18/turn              (no ring)

@: no status effects
A: retaliatory headbutt, horns 2
a: Heroism, Renounce Religion


You were on level 8 of the Dungeon.
You worshipped Okawaru.
Okawaru was greatly pleased with you.
You were not hungry.

You visited 1 branch of the dungeon, and saw 8 of its levels.
You also visited: Bailey.

You collected 889 gold pieces.

Inventory:

Hand Weapons
 a - a +0 war axe
 z - the +9 whip of Ticvoakaki (weapon) {slash, rElec MP+9 Str+2 Stlth+}
   (You found it on level 5 of the Dungeon)

   It inflicts extra damage upon your enemies.
   It affects your strength (+2).
   It insulates you from electricity.
   It affects your magic capacity (+9).
   It makes you more stealthy.
 E - a +0 broad axe of venom
Armour
 c - a +0 shield (worn)
 x - a +0 cloak (worn)
 y - a +1 pair of boots (worn)
 C - a +0 plate armour (worn)
Jewellery
 g - an uncursed amulet of the gourmand {unknown}
 o - an uncursed ring of positive energy {unknown}
Wands
 b - a wand of flame (36)
 A - a wand of digging (16)
Scrolls
 e - 2 scrolls of immolation {unknown}
 i - a scroll of noise {unknown}
 j - a scroll of magic mapping
 k - a scroll of amnesia
 l - 2 scrolls of remove curse
 m - 2 scrolls of fear
 n - 7 scrolls of identify {unknown}
 q - a scroll of enchant weapon {unknown}
 t - 2 scrolls of teleportation
 w - 2 scrolls of random uselessness {unknown}
 B - a scroll of brand weapon
 F - a scroll of blinking {unknown}
Potions
 d - 2 potions of might
 h - a potion of lignification {unknown}
 p - a potion of haste {unknown}
 r - 2 potions of heal wounds {unknown}
 s - a potion of degeneration {unknown}
 u - 3 potions of curing {unknown}
 v - a potion of agility {unknown}
 D - 2 potions of resistance {unknown}
Comestibles
 f - 8 rations


   Skills:
 + Level 9.2 Fighting
 - Level 7.7 Axes
 + Level 9.2 Armour
 + Level 3.1 Dodging
 - Level 3.6 Shields
 + Level 6.9 Invocations


You had 8 spell levels left.
You didn't know any spells.

Dungeon Overview and Level Annotations

Branches:
Dungeon (8/15)             Temple (0/1) D:7
   Lair: D:8-11

Altars:
Elyvilon
Fedhas
Kikubaaqudgha
Okawaru
Qazlal
Sif Muna
Trog
Zin

Shops:
D:4 :   D:8 [


Innate Abilities, Weirdness & Mutations

You reflexively headbutt those who attack you in melee.
You have a pair of horns on your head.


Message History

The blast of calcifying dust hits you!
You are engulfed in calcifying dust.
The catoblepas gores you!
* * * LOW HITPOINT WARNING * * *
You are engulfed in calcifying dust.
The catoblepas gores you!!
* * * LOW HITPOINT WARNING * * *
You are engulfed in calcifying dust.
The catoblepas gores you but does no damage.
You are engulfed in calcifying dust.
The catoblepas gores you but does no damage.
You turn to flesh and can move again.
Unknown command.
Unknown command.
Unknown command.
The catoblepas breathes a plume of calcifying dust at you.
The blast of calcifying dust hits you!
* * * LOW HITPOINT WARNING * * *
Unknown command.
The catoblepas breathes a plume of calcifying dust at you.
The blast of calcifying dust hits you!
You die...

......# #...#......# #.####.#
.####.#######..###.#### *,# #..
....#...# #..# #....####.#####.
.##.#...#####..# #.##............
..#.#..........###......#####....
_.............>.............###..
..#.#...............####......#..
.##.#..............##.........##.
....#...........@..#.....###...#.
.####.........##)§.#§§##...#§..#.
..,,..........##.?Y#..#..|.#Y§.#.
..**.###......*#.#......|....§§#.
...,.* *.....,*#.#...#.:..#..#...
,,**** ********#.#...#...##..#...
*** #.#...###.....#...
#.##...,[....##...
#.,#......####....


You could see a catoblepas.

Vanquished Creatures
  Pikel (D:6)
  Grinder (D:4)
  Prince Ribbit (D:6)
  2 hippogriffs
  A shadow (D:8)
  A phantom (D:5)
  4 orc warriors (Bailey)
  An ogre (D:7)
  An eye of draining (D:8)
  4 centaurs
  Blork the orc (D:6)
  2 bullfrogs
  A howler monkey (D:6)
  2 bullfrog zombies
  A crimson imp (D:5)
  2 hounds (D:5)
  A centaur zombie (D:7)
  An orc priest (D:5)
  2 bullfrog skeletons (D:7)
  6 iguanas
  A jelly (D:5)
  An orc wizard (D:4)
  Crazy Yiuf (D:4)
  4 worker ants
  2 hound zombies
  3 hound skeletons
  A howler monkey skeleton (D:4)
  9 gnolls
  8 adders
  An ooze (D:4)
  An adder skeleton (D:8)
  5 worms
  2 dart slugs
  6 leopard geckos
  18 orcs
  4 giant cockroaches
  10 goblins
  3 hobgoblins
  8 jackals
  16 kobolds
  3 quokkas
  2 ball pythons
  5 bats
  9 frilled lizards
  2 leopard gecko skeletons
  2 rats
163 creatures vanquished.

Vanquished Creatures (others)
  A jackal (D:3)
  A quokka (D:3)
2 creatures vanquished.

Grand Total: 165 creatures vanquished

Notes
Turn   | Place    | Note
-------+----------+-------------------------------------------
     0 | D:1      | wojtek the Minotaur Fighter began the quest for the Orb.
     0 | D:1      | Reached XP level 1. HP: 19/19 MP: 0/0
   205 | D:1      | Reached XP level 2. HP: 26/26 MP: 1/1
  1045 | D:1      | Reached XP level 3. HP: 31/31 MP: 2/2
  1104 | D:2      | Reached skill level 5 in Axes
  1119 | D:2      | Reached XP level 4. HP: 29/39 MP: 3/3
  1886 | D:2      | Found an iron altar of Okawaru.
  1905 | D:2      | Became a worshipper of Warmaster Okawaru
  2173 | D:3      | Noticed a centaur
  2179 | D:3      | Killed a centaur
  2179 | D:3      | Reached XP level 5. HP: 35/45 MP: 4/4
  2543 | D:3      | Found a white marble altar of Elyvilon.
  2608 | D:3      | Reached XP level 6. HP: 45/51 MP: 5/5
  2779 | D:4      | Found an ancient bone altar of Kikubaaqudgha.
  2896 | D:4      | Found a blossoming altar of Fedhas.
  2946 | D:4      | Found a runed door.
  3247 | D:4      | Found Famy's Book Shop.
  3336 | D:4      | Noticed Grinder
  3351 | D:4      | Paralysed by Grinder for 7 turns
  3362 | D:4      | Paralysed by Grinder for 2 turns
  3365 | D:4      | Killed Grinder
  3365 | D:4      | Reached XP level 7. HP: 41/60 MP: 5/7
  3487 | D:4      | Reached * piety under Okawaru
  3529 | D:4      | Noticed Crazy Yiuf
  3535 | D:4      | Killed Crazy Yiuf
  3558 | D:5      | Entered Level 5 of the Dungeon
  3803 | D:5      | Got a brightly glowing whip
  3804 | D:5      | Identified the +9 whip of Ticvoakaki {slash, rElec MP+9 Str+2 Stlth+} (You found it on level 5 of the Dungeon)
  3900 | D:5      | Reached skill level 5 in Fighting
  3900 | D:5      | Reached skill level 5 in Armour
  4136 | D:5      | Found a deep blue altar of Sif Muna.
  4324 | D:5      | Reached ** piety under Okawaru
  4449 | D:6      | Reached XP level 8. HP: 70/70 MP: 9/9
  4511 | D:6      | Noticed Blork the orc
  4523 | D:6      | Killed Blork the orc
  4644 | D:6      | Found a bloodstained altar of Trog.
  4727 | D:6      | Noticed Pikel
  4734 | D:6      | Killed Pikel
  4734 | D:6      | Reached skill level 5 in Invocations
  4812 | D:6      | Noticed Prince Ribbit
  4821 | D:6      | Killed Prince Ribbit
  4821 | D:6      | Reached *** piety under Okawaru
  4821 | D:6      | Reached XP level 9. HP: 59/81 MP: 12/12
  4894 | D:6      | Found a glowing silver altar of Zin.
  5126 | D:7      | Found a staircase to the Ecumenical Temple.
  5579 | D:7      | Reached skill level 1 in Dodging
  5828 | D:8      | Found Oxokkuta's Antique Armour Boutique.
  5888 | D:8      | Found a flagged portal.
  5895 | Bailey   | Entered a bailey
  6024 | Bailey   | Reached **** piety under Okawaru
  6121 | Bailey   | Found an iron altar of Okawaru.
  6276 | D:8      | Noticed a catoblepas
  6296 | D:8      | HP: 1/83 [something (21)]
  6306 | D:8      | Found a stormy altar of Qazlal.
  6841 | D:8      | HP: 2/83 [catoblepas/blast of calcifying dust (6)]
  6846 | D:8      | Killed from afar by a catoblepas

Skill      XL: |  1  2  3  4  5  6  7  8  9 |
---------------+----------------------------+-----
Axes           | 3 4 5 7 |  7.7
Fighting       | 4 6 7 9 |  9.2
Armour         | 4 6 7 9 |  9.2
Invocations    | 2 3 5 6 |  6.9
Dodging        | 3 |  3.1
Shields        | |  3.6

Action                   |  1- 3 |  4- 6 |  7- 9 || total
-------------------------+-------+-------+-------++-------
Melee: War axe           |    46 |   129 |    25 ||   200
       Headbutt          |     7 |    21 |    61 ||    89
       Whip              |       |       |   218 ||   218
Throw: Tomahawk          |       |       |    21 ||    21
  Use: Scroll            |       |       |     7 ||     7
  Eat: Chunk             |     1 |     7 |     9 ||    17
       Ration            |       |       |     1 ||     1
Armor: Scale mail        |    15 |    28 |       ||    43
       Chain mail        |       |    18 |    43 ||    61
       Plate armour      |       |       |    80 ||    80
Dodge: Dodged            |    20 |    27 |    55 ||   102
Block: Shield            |    26 |    57 |   121 ||   204
